 Dungeon Crawl Stone Soup version 0.17-a0-1479-g4041c36 (webtiles) character file.

119 hexophile the Magician (level 5, -4/42 HPs)
             Began as a Naga Wizard on July 3, 2015.
             Slain by amnekian's ghost (8 damage)
             ... on level 3 of the Dungeon.
             The game lasted 00:09:38 (3824 turns).

hexophile the Magician (Naga Wizard)                Turns: 3824, Time: 00:09:38

Health: -4/42      AC:  2    Str: 10    XL:     5   Next: 3%
Magic:  2/11       EV: 10    Int: 19    God:
Gold:   149        SH:  0    Dex: 12    Spells: 4 memorised, 3 levels left

rFire  + . .     SeeInvis +     l - +2 dagger (speed)
rCold  x . .     Clarity  .     a - +0 robe
rNeg   . . .     SustAt   .     (no shield)
rPois  +         Gourm    .     b - +0 hat
rElec  .         Spirit   .     (no cloak)
rCorr  .         Warding  .     (no gloves)
rMut   .         Stasis   .     (no barding)
MR     .....                    (no amulet)
Stlth  ++........               t - +3 ring of dexterity
                                r - ring of fire

@: very slightly contaminated, very slow, not resistant to hostile enchantments,
unstealthy
A: see invisible, deformed body, poison resistance, slowness 2, slow metabolism
1, spit poison 2, AC +1
a: Spit Poison


You were on level 3 of the Dungeon.
You were not hungry.

You visited 1 branch of the dungeon, and saw 4 of its levels.

You collected 149 gold pieces.

Inventory:

Hand weapons
 i - a +0 club
 l - a +2 dagger of speed (weapon)
Missiles
 e - 9 stones (quivered)
Armour
 a - a +0 robe (worn)
 b - a +0 hat (worn)
Jewellery
 r - a ring of fire (left hand)
 t - a +3 ring of dexterity (right hand)
Magical devices
 o - a wand of random effects (16)
Scrolls
 n - 4 scrolls of remove curse
 q - 3 scrolls of identify
Potions
 f - a potion of curing
Books
 c - a book of Minor Magic

   Spells                             Type                      Level
   a - Magic Dart                     Conjuration                  1
   b - Blink                          Translocation                2
   c - Call Imp                       Summoning                    2
   d - Repel Missiles                 Charms/Air                   2
   e - Slow                           Hexes                        2
   f - Conjure Flame                  Conjuration/Fire             3
   g - Mephitic Cloud                 Conjuration/Poison/Air       3
Comestibles
 d - 3 bread rations
 g - 2 meat rations


   Skills:
 + Level 1.9 Dodging
 - Level 3.0 Stealth
 * Level 4.0 Spellcasting
 * Level 2.7 Conjurations
   Level 1.0 Summonings
 - Level 1.0 Translocations
 + Level 0.2 Fire Magic
 + Level 1.3 Air Magic


You had 3 spell levels left.
You knew the following spells:

 Your Spells              Type           Power        Failure   Level  Hunger
a - Magic Dart            Conj           ##..         6%          1    None
b - Blink                 Tloc           N/A          14%         2    ##.....
c - Conjure Flame         Conj/Fire      ##......     28%         3    ###....
d - Mephitic Cloud        Conj/Pois/Air  #.......     28%         3    ###....


Dungeon Overview and Level Annotations

Branches:
Dungeon (4/15)
 Temple: D:4-7

Altars:
Gozag
Ru

Annotations:
D:2 exclusion: 2 downstairs
D:3 amnekian's ghost, average OpTm


Innate Abilities, Weirdness & Mutations

You cannot wear boots.
Your serpentine skin is tough (AC +1).
You have supernaturally acute eyesight.
Armour fits poorly on your strangely shaped body.
Your system is resistant to poisons.
You cover ground very slowly.
You have a slow metabolism.
You can spit poison.


Message History

Zapping:
o - a wand of random effects {zapped: 10} (will waste charges)
Press: ? - help, Shift-Dir - straight line, f - amnekian's ghost
Aim: amnekian's ghost Amnekian's ghost seems to slow down.
Evoking this partially-identified wand wasted a few charges.
Amnekian's ghost hits you.
* * * LOW HITPOINT WARNING * * *
Amnekian's ghost is no longer moving slowly.
Evoke which item? (* to show all) (? for menu, Esc to quit)
Zapping:
o - a wand of random effects {zapped: 13} (will waste charges)
Press: ? - help, Shift-Dir - straight line, f/p - amnekian's ghost
Aim: amnekian's ghost The bolt of fire misses amnekian's ghost.
Evoking this partially-identified wand wasted a few charges.
Amnekian's ghost hits you!
* * * LOW HITPOINT WARNING * * *
Casting: Blink
Confirm with . or Enter, or press ? or * to list all spells.
You blink.
Amnekian's ghost hits you!
You die...

.#.############.##########
.#...........##.......#
.#...........########.#
.#)..........# ######.#
.)...........# #......#
.##..........# #.######
.##..........# #ยง#
.##..........# #W#
.##..>.......###@#
.##..............#
.########'######## .#
##'######## .# #.........#
.# #.........# .#
#.........# .# #.........#
.# #....(....#


You could see amnekian's ghost.

Vanquished Creatures
  4 adders (D:2)
  A worm (D:2)
  5 giant geckos
  3 orcs (D:3)
  7 giant cockroaches
  6 hobgoblins
  13 jackals
  8 kobolds
  A quokka (D:2)
  A ball python (D:3)
  3 bats
  4 giant newts
  6 goblins
  7 rats
69 creatures vanquished.

Notes
Turn   | Place    | Note
--------------------------------------------------------------
     0 | D:1      | hexophile the Naga Wizard began the quest for the Orb.
     0 | D:1      | Reached XP level 1. HP: 15/15 MP: 4/4
   388 | D:1      | Reached XP level 2. HP: 22/22 MP: 0/6
  1152 | D:1      | Reached XP level 3. HP: 28/28 MP: 3/7
  1156 | D:1      | Learned a level 2 spell: Blink
  1160 | D:1      | Learned a level 3 spell: Conjure Flame
  2089 | D:2      | Found an opulent altar of Gozag.
  2129 | D:2      | Learned a level 3 spell: Mephitic Cloud
  2139 | D:2      | Reached XP level 4. HP: 28/36 MP: 0/9
  2306 | D:2      | Found a sacrificial altar of Ru.
  2394 | D:2      | Reached skill level 1 in Air Magic
  3202 | D:3      | Noticed amnekian's ghost (average OpTm)
  3463 | D:3      | Reached skill level 4 in Spellcasting
  3774 | D:3      | Found a faded altar to an unknown god.
  3785 | D:3      | Reached XP level 5. HP: 24/42 MP: 0/11
  3824 | D:3      | Slain by amnekian's ghost

Vault maps used:
D:1:      dpeg_arrival_rhombus, serial_bayou_pond_b, minmay_fountain_box,
          grunt_decor_cap
D:2:      old_standard_altar, grunt_gozag_statues
D:3:      ecumenical_altar_1
D:4:      old_standard_altar, first_bread, nrook_mini_vaults, uniq_menkaure

Action                   |  1- 3 |  4- 6 || total
-------------------------+-------+-------++-------
Melee: Unarmed           |    24 |       ||    24
       Dagger            |     5 |    14 ||    19
 Cast: Magic Dart        |    81 |    68 ||   149
       Blink             |       |     1 ||     1
 Abil: Spit Poison       |    13 |     3 ||    16
Evoke: Wand              |       |     6 ||     6
  Use: Scroll            |     3 |     3 ||     6
       Potion            |       |     4 ||     4
  Eat: Chunk             |     3 |     4 ||     7
